 Dungeon Crawl Stone Soup version 0.26.0-90-g5fd8617961 (webtiles) character file.

Game seed: 3881264121299298357

541 swilekon the Firebug (level 7, -1/41 HPs)
             Began as an Octopode Fire Elementalist on Feb 3, 2021.
             Slain by a hornet zombie (8 damage)
             ... on level 5 of the Dungeon.
             The game lasted 00:13:08 (6809 turns).

swilekon the Firebug (Octopode Fire Elementalist)   Turns: 6809, Time: 00:13:09

Health: -1/41      AC:  1    Str:  7    XL:     7   Next: 26%
Magic:  0/11       EV: 14    Int: 20    God:
Gold:   187        SH:  0    Dex: 12    Spells: 8/12 levels left

rFire    . . .     SeeInvis .   h - +1 dagger
rCold    . . .     Faith    +   (no shield)
rNeg     . . .     Spirit   .   (helmet restricted)
rPois    .         Reflect  .   s - amulet of faith (curse)
rElec    .         Harm     .   (no ring)
rCorr    .         Rampage  .   (no ring)
Will     .....                  (no ring)
Stlth    ++++......             (no ring)
HPRegen  0.13/turn              (no ring)
MPRegen  0.12/turn              (no ring)
                                (no ring)
                                (no ring)

@: no status effects
A: almost no armour, stealthy swim, amphibious, 8 rings, constrict 8, camouflage
1, gelatinous body 1
a: no special abilities


You were on level 5 of the Dungeon.
You visited 1 branch of the dungeon, and saw 5 of its levels.

You collected 187 gold pieces.

Inventory:

Hand Weapons
 h - a +1 dagger (weapon)
Jewellery
 c - an uncursed ring of ice
 o - an uncursed amulet of guardian spirit
 s - a cursed amulet of faith (around mantle)
Wands
 q - a wand of acid (9)
Scrolls
 b - 3 scrolls of remove curse
 d - a scroll of enchant weapon
 e - a scroll of identify
 m - a scroll of teleportation
 u - a scroll of amnesia
Potions
 a - 2 potions of resistance
 f - a potion of curing
 g - 3 potions of haste
 i - 2 potions of flight
 j - a potion of invisibility
 k - a potion of degeneration {unknown}
 l - 3 potions of brilliance
 n - a potion of cancellation
 p - a potion of heal wounds {unknown}
 r - 2 potions of ambrosia
 t - a potion of mutation {unknown}


   Skills:
 + Level 3.3 Dodging
 + Level 4.7 Stealth
 + Level 3.2 Spellcasting
 * Level 4.0 Conjurations
 * Level 5.0 Fire Magic


You had 8 spell levels left.
You knew the following spells:

 Your Spells              Type           Power        Failure   Level
a - Foxfire               Conj/Fire      84%          2%          1
b - Inner Flame           Hex/Fire       13%          16%         3

Your spell library contained the following spells:

 Spells                   Type           Power        Failure   Level
 Conjure Flame            Conj/Fire      21%          7%          3
 Sticky Flame             Conj/Fire      21%          22%         4
 Fireball                 Conj/Fire      10%          52%         5


Dungeon Overview and Level Annotations

Branches:
Dungeon (5/15)
 Temple: D:4-7

Altars:
Xom


Innate Abilities, Weirdness & Mutations

You cannot wear most types of armour.
You are very stealthy in the water. (Stealth+)
You are amphibious.
You can wear up to eight rings at the same time.
You can use your tentacles to constrict eight enemies at once.
Your skin changes colour to match your surroundings (Stealth+).
Your rubbery body absorbs attacks. (AC +1, EV +1)


Message History

The hornet zombie is almost destroyed.
The foxfire hits the hornet zombie but does no damage.
The hornet zombie is almost destroyed.
The hornet zombie completely misses you.
The hornet zombie hits you.
You hit the hornet zombie but do no damage.
The hornet zombie is almost destroyed.
You constrict the hornet zombie, but do no damage.
The hornet zombie hits you!
You hit the hornet zombie but do no damage.
The hornet zombie is almost destroyed.
You constrict the hornet zombie. The hornet zombie hits you!
You are too injured to fight recklessly!
You are too injured to fight recklessly!
You hit the hornet zombie but do no damage.
The hornet zombie is almost destroyed.
You constrict the hornet zombie. The hornet zombie hits you!
* * * LOW HITPOINT WARNING * * *
The hornet zombie hits you!
You die...

..........#............#
..........'............#
.........<#............#
.##.#######...###.######
.##.##....#...###'#
..#..+....'...#...# .
..#..#....#.(.+...# ...
..#..#....#########.....
..#..#..........@.......
..#..#..........Z.......
.###'#..................
.##..#..................
.##..#.....<............
.#...'....#########.....
.#...#....# .....
.#...#....# .....
.##..#....#


You could see a hornet zombie.

Vanquished Creatures
  An ogre (D:4)
  An orc wizard (D:3)
  2 jellies
  A hound (D:5)
  2 orc priests (D:5)
  A gnoll shaman (D:3)
  An iguana (D:4)
  A worker ant (D:5)
  A hound skeleton (D:5)
  7 gnolls
  3 adders
  6 worms
  3 dart slugs
  5 leopard geckos
  6 orcs
  2 giant cockroaches
  4 goblins
  5 hobgoblins
  4 jackals
  A quokka (D:4)
  A ball python (D:1)
  9 bats
  2 frilled lizards (D:1)
  6 kobolds
  8 rats
83 creatures vanquished.

Vanquished Creatures (others)
  444 foxfires
444 creatures vanquished.

Grand Total: 527 creatures vanquished

Notes
Turn   | Place    | Note
-------+----------+-------------------------------------------
     0 | D:1      | swilekon the Octopode Fire Elementalist began the quest for
                  | the Orb.
     0 | D:1      | Reached XP level 1. HP: 11/11 MP: 3/3
   440 | D:1      | Reached XP level 2. HP: 17/17 MP: 0/5
  1720 | D:2      | Reached XP level 3. HP: 21/21 MP: 0/6
  1941 | D:2      | Learned a level 3 spell: Inner Flame
  2186 | D:3      | Found a faded altar of an unknown god.
  2529 | D:2      | Reached XP level 4. HP: 27/27 MP: 3/7
  3678 | D:3      | Reached XP level 5. HP: 31/31 MP: 0/8
  3985 | D:3      | Reached skill level 4 in Fire Magic
  4890 | D:4      | Found a shimmering altar of Xom.
  5140 | D:3      | Reached XP level 6. HP: 29/36 MP: 1/10
  6011 | D:5      | Entered Level 5 of the Dungeon
  6193 | D:5      | Reached XP level 7. HP: 41/41 MP: 3/11
  6792 | D:5      | Reached skill level 5 in Fire Magic
  6809 | D:5      | Slain by a hornet zombie

Illustrated notes

Levels and vault maps discovered:
D:1:      arrival_zaba_pyramid, layout_basic
D:2:      layout_rooms
D:3:      layout_rooms, chequers_ecumenical_altar_simple_redux
D:4:      layout_basic, lemuel_coloured_pillars_altar
D:5:      layout_gridville

Skill      XL: |  1  2  3  4  5  6  7 |
---------------+----------------------+-----
Stealth        | 3 4 |  4.7
Conjurations   | 2 3 4 |  4.0
Fire Magic     | 4 5 |  5.0
Dodging        | 3 |  3.3
Spellcasting   | 3 |  3.2

Action                   |  1- 3 |  4- 6 |  7- 9 || total
-------------------------+-------+-------+-------++-------
Melee: Unarmed           |     2 |       |       ||     2
       Constrict         |     4 |     1 |     1 ||     6
       Dagger            |    13 |     5 |     6 ||    24
       Tentacles         |     1 |     1 |       ||     2
 Cast: Foxfire           |   112 |   152 |    20 ||   284
       Inner Flame       |       |     4 |     1 ||     5
  Use: Scroll            |       |    14 |     4 ||    18
 Stab: Sleeping          |       |     1 |       ||     1
Armor: Skin              |     5 |     1 |       ||     6
Dodge: Dodged            |    24 |    25 |     3 ||    52
